 Dungeon Crawl Stone Soup version 0.26-a0-660-gc07710193c (webtiles) character file.

Game seed: 17426038122275981410

2650 jiml777 the Magician (level 9, -2/71 HPs)
             Began as a Gnoll Warper on Oct 5, 2020.
             Slain by an orc warrior
             ... wielding a +0 halberd
              (6 damage)
             ... on level 7 of the Dungeon.
             The game lasted 00:32:11 (7636 turns).

jiml777 the Magician (Gnoll Warper)                 Turns: 7636, Time: 00:32:11

Health: -2/71      AC: 21    Str: 14    XL:     9   Next: 62%
Magic:  19/19      EV:  6    Int: 18    God:
Gold:   464        SH:  0    Dex: 15    Spells: 21/21 levels left

rFire    . . .     SeeInvis .   f - +8 short sword (flame)
rCold    . . .     Faith    .   (no shield)
rNeg     + . .     Spirit   .   j - +0 plate armour
rPois    .         Reflect  .   n - +2 helmet
rElec    .         Harm     .   C - +1 cloak
rCorr    .         Rampage  +   L - +2 pair of gloves of the Good {Rampage rN+ Regen+}
MR       .....                  (no boots)
Stlth    ..........             (no amulet)
HPRegen  0.61/turn              (no ring)
MPRegen  0.16/turn              (no ring)

@: no status effects
A: distributed training, fangs 1, strong nose
a: no special abilities


You were on level 7 of the Dungeon.
You visited 1 branch of the dungeon, and saw 7 of its levels.
You also visited: Sewer.

You collected 464 gold pieces.

Inventory:

Hand Weapons
 a - a +0 hand axe
 f - a +8 short sword of flaming (weapon)
 p - a +0 hunting sling
 B - a +2 quarterstaff of chaos
 D - a +0 mace of draining
 E - a +2 mace of protection
 K - a +3 vampiric spear
Missiles
 c - 10 boomerangs
 e - 5 boomerangs of dispersal
 i - 179 arrows
 o - an atropa-tipped dart (quivered)
 v - 9 poisoned darts
 F - 38 sling bullets
Armour
 b - a +0 leather armour
 j - a +0 plate armour (worn)
 n - a +2 helmet (worn)
 C - a +1 cloak (worn)
 L - the +2 pair of gloves of the Good (worn) {Rampage rN+ Regen+}
   (You found it on level 7 of the Dungeon)

   It protects you from negative energy.
   It increases your rate of regeneration.
   It bestows one free step when moving towards enemies.
Magical Staves
 m - an uncursed staff of air
 s - an uncursed staff of death {unknown}
 G - an uncursed staff of death {unknown}
Wands
 q - a wand of enslavement (5)
 t - a wand of flame (6)
 x - a wand of disintegration (12)
 y - a wand of iceblast (8)
 J - a wand of paralysis (7)
Scrolls
 d - a scroll of blinking
 g - 2 scrolls of remove curse {unknown}
 u - 2 scrolls of amnesia {unknown}
 w - 4 scrolls of teleportation
 H - a scroll of identify
Potions
 h - 2 potions of haste
 k - 2 potions of flight
 l - 2 potions of curing
 z - 2 potions of cancellation {unknown}
 A - 2 potions of degeneration {unknown}
 I - 2 potions of brilliance {unknown}


   Skills:
 + Level 6.4 Fighting
 + Level 4.4 Short Blades
 + Level 4.4 Long Blades
 + Level 6.4 Axes
 + Level 4.4 Maces & Flails
 + Level 4.4 Polearms
 + Level 4.4 Staves
 + Level 4.4 Slings
 + Level 4.4 Bows
 + Level 4.4 Crossbows
 + Level 5.2 Throwing
 + Level 5.2 Armour
 + Level 6.4 Dodging
 + Level 4.4 Stealth
 + Level 4.4 Shields
 + Level 4.4 Unarmed Combat
 + Level 6.7 Spellcasting
 + Level 3.6 Conjurations
 + Level 3.6 Hexes
 + Level 3.6 Summonings
 + Level 3.6 Necromancy
 + Level 6.6 Translocations
 + Level 3.6 Transmutations
 + Level 3.6 Fire Magic
 + Level 3.6 Ice Magic
 + Level 3.6 Air Magic
 + Level 3.6 Earth Magic
 + Level 3.6 Poison Magic
 + Level 4.9 Invocations
 + Level 4.4 Evocations


You had 21 spell levels left.
You didn't know any spells.
Your spell library contained the following spells:

 Spells                   Type           Power        Failure   Level
 Blink                    Tloc           N/A          65%         2
 Gell's Gravitas          Tloc           ####......   86%         3
 Lesser Beckoning         Tloc           ####......   86%         3
 Teleport Other           Tloc           ####....     86%         3
 Sandblast                Erth           ###...       89%         1
 Passwall                 Tmut/Erth      ###.....     96%         2
 Stone Arrow              Conj/Erth      ###...       99%         3
 Passage of Golubria      Tloc           N/A          99%         4
 Petrify                  Tmut/Erth      ###.....     100%        4
 Lee's Rapid Deconstruct  Erth           ###.......   100%        5


Dungeon Overview and Level Annotations

Branches:
Dungeon (7/15)              Sewer (visited)
 Temple: D:4-7

Altars:
Ashenzari
Dithmenos
Okawaru
Qazlal
Ru
Sif Muna
Uskayaw


Innate Abilities, Weirdness & Mutations

Your experience applies equally to all skills.
You have very sharp teeth.
Your uncanny sense of smell can sniff out nearby items.


Message History

The iguana is moderately wounded.
The iguana bites you but does no damage.
The orc warrior closely misses you.
You completely miss the iguana.
The iguana is moderately wounded.
The iguana bites you.
* * * LOW HITPOINT WARNING * * *
The orc warrior hits you but does no damage.
You hit the iguana. You burn the iguana.
The iguana is heavily wounded.
The iguana bites you.
* * * LOW HITPOINT WARNING * * *
You feel better.
The orc warrior hits you with a +0 halberd!
* * * LOW HITPOINT WARNING * * *
The iguana bites you but does no damage.
You feel better. The iguana bites you!
* * * LOW HITPOINT WARNING * * *
The orc warrior hits you with a +0 halberd.
You die...

∆ #...##.....## ∆
#..####...## ∆ ∆
#...#.##.###
##......#...#
#....#.###..#
##..###.....#
##.#.#.....
####.....#.
∆#.)@l....#
#.....)##o....##
..###..##......####
#......))........
#!...o.##....(...
#......##.#......
#.......#........
#..........#.....
..........##.....


You could see an orc warrior and an iguana.

Vanquished Creatures
  Sigmund (D:2)
  Menkaure (D:7)
  A water moccasin (D:6)
  Duvessa (D:7)
  An ice beast (D:7)
  A phantom (D:7)
  2 ogres
  3 centaurs
  6 big kobolds (Sewer)
  A gnoll sergeant (D:7)
  Dowan (D:7)
  A scorpion (D:5)
  6 killer bees (D:6)
  2 howler monkeys (D:5)
  A hound (D:6)
  An orc priest (D:4)
  Crazy Yiuf (D:2)
  A centaur skeleton (D:4)
  A bullfrog skeleton (D:5)
  Ijyb (D:3)
  Natasha (D:3)
  A worker ant (D:4)
  Robin (D:3)
  8 gnolls
  4 river rats (Sewer)
  16 adders
  7 shadow imps
  A white imp (D:6)
  3 ufetubi
  An ooze (Sewer)
  An adder skeleton (D:4)
  2 worms
  2 leopard geckos
  20 orcs
  5 giant cockroaches
  9 goblins
  11 hobgoblins
  8 jackals
  2 quokkas
  7 ball pythons
  7 bats
  4 frilled lizards
  A jackal skeleton (D:6)
  A jackal zombie (D:5)
  13 kobolds
  11 rats
181 creatures vanquished.

Notes
Turn   | Place    | Note
-------+----------+-------------------------------------------
     0 | D:1      | jiml777 the Gnoll Warper began the quest for the Orb.
     0 | D:1      | Reached XP level 1. HP: 20/20 MP: 6/6
   360 | D:1      | Reached XP level 2. HP: 25/26 MP: 7/7
   821 | D:2      | Found a shadowy altar of Dithmenos.
   931 | D:2      | You fall into a shaft and drop 2 floors!
   935 | D:4      | Found a hide-covered altar of Uskayaw.
   946 | D:4      | Reached XP level 3. HP: 18/31 MP: 9/9
   954 | D:4      | Reached skill level 5 in Spellcasting
   958 | D:4      | Reached skill level 1 in Short Blades
   958 | D:4      | Reached skill level 1 in Long Blades
   958 | D:4      | Reached skill level 1 in Maces & Flails
   958 | D:4      | Reached skill level 1 in Polearms
   958 | D:4      | Reached skill level 1 in Staves
   958 | D:4      | Reached skill level 1 in Slings
   958 | D:4      | Reached skill level 1 in Bows
   958 | D:4      | Reached skill level 1 in Crossbows
   958 | D:4      | Reached skill level 1 in Stealth
   958 | D:4      | Reached skill level 1 in Shields
   958 | D:4      | Reached skill level 1 in Unarmed Combat
   958 | D:4      | Reached skill level 1 in Invocations
   958 | D:4      | Reached skill level 1 in Evocations
   962 | D:4      | Reached XP level 4. HP: 14/38 MP: 11/11
  1371 | D:4      | Reached skill level 1 in Conjurations
  1371 | D:4      | Reached skill level 1 in Hexes
  1371 | D:4      | Reached skill level 1 in Summonings
  1371 | D:4      | Reached skill level 1 in Necromancy
  1371 | D:4      | Reached skill level 1 in Transmutations
  1371 | D:4      | Reached skill level 1 in Fire Magic
  1371 | D:4      | Reached skill level 1 in Ice Magic
  1371 | D:4      | Reached skill level 1 in Air Magic
  1371 | D:4      | Reached skill level 1 in Earth Magic
  1371 | D:4      | Reached skill level 1 in Poison Magic
  1426 | D:4      | Found a transporter.
  1429 | D:4      | Found a transporter.
  1459 | D:4      | Found a stormy altar of Qazlal.
  1508 | D:4      | Reached XP level 5. HP: 26/43 MP: 12/12
  1814 | D:4      | Noticed an ogre
  1821 | D:4      | Killed an ogre
  1821 | D:4      | Reached XP level 6. HP: 34/50 MP: 13/13
  2123 | D:4      | Found an iron altar of Okawaru.
  2133 | D:4      | Found a sacrificial altar of Ru.
  2151 | D:5      | Entered Level 5 of the Dungeon
  2343 | D:3      | Noticed Robin
  2352 | D:3      | Killed Robin
  2469 | D:3      | Found a faded altar of an unknown god.
  2495 | D:3      | Reached skill level 5 in Fighting
  2495 | D:3      | Reached skill level 5 in Axes
  2495 | D:3      | Reached skill level 5 in Dodging
  2530 | D:3      | Noticed Natasha
  2545 | D:3      | Killed Natasha
  2758 | D:3      | Noticed Ijyb
  2779 | D:3      | Killed Ijyb
  3215 | D:2      | Found a runed translucent door.
  3216 | D:2      | Noticed Crazy Yiuf
  3221 | D:2      | Killed Crazy Yiuf
  3423 | D:2      | Reached XP level 7. HP: 52/56 MP: 15/15
  3565 | D:2      | Noticed Sigmund
  3578 | D:2      | Killed Sigmund
  4343 | D:5      | Reached XP level 8. HP: 45/63 MP: 16/16
  5311 | D:6      | Found a glowing drain.
  5374 | Sewer    | Entered a sewer
  6098 | D:6      | Found a broken altar of Ashenzari.
  6247 | D:6      | Reached XP level 9. HP: 57/69 MP: 18/18
  7020 | D:7      | Noticed Menkaure
  7318 | D:7      | Killed Menkaure
  7318 | D:7      | Reached skill level 5 in Throwing
  7318 | D:7      | Reached skill level 5 in Armour
  7331 | D:7      | Found a shimmering blue altar of Sif Muna.
  7560 | D:7      | Got a pair of smoking gloves
  7561 | D:7      | Identified the +2 pair of gloves of the Good {Rampage rN+
                  | Regen+} (You found it on level 7 of the Dungeon)
  7589 | D:7      | Noticed Dowan
  7591 | D:7      | Noticed Duvessa
  7609 | D:7      | Killed Duvessa
  7629 | D:7      | Killed Dowan
  7636 | D:7      | Slain by an orc warrior

Illustrated notes

Levels and vault maps discovered:
D:1:      erik_arrival_cave_to_civilisation [erik_arrival_cave_to_hall],
          layout_loops_ring, chequers_serial_rivers_small_a
D:2:      minmay_inner_zag, layout_loops_corners,
          grunt_dithmenos_smoke_and_mirrors, serial_glass, glass_columns_a,
          glass_columns_c, uniq_sigmund, uniq_crazy_yiuf_cottage
D:3:      layout_rooms, chequers_ecumenical_altar_island, uniq_natasha,
          uniq_ijyb, uniq_robin
D:4:      gammafunk_wand_slinger, layout_basic, lemuel_round_altar,
          overflow_temple_1_default, minitemple, serial_curves, eino_curves_02,
          eino_curves_01, eino_curves_02
D:5:      layout_layer_cave
D:6:      layout_basic, ashenzari_conservatory_becter,
          cheibrodos_sewer_entry_drain, minmay_chambers_of_fives
D:7:      layout_cave_pools, lemuel_round_altar, temple_doors_cd,
          ebering_ghost_rock_garden, uniq_menkaure, uniq_joseph, uniq_duvessa

Skill      XL: |  1  2  3  4  5  6  7  8  9 |
---------------+----------------------------+-----
Spellcasting   | 5 6 |  6.7
Short Blades   | 1 2 3 4 |  4.4
Long Blades    | 1 2 3 4 |  4.4
Maces & Flails | 1 2 3 4 |  4.4
Polearms       | 1 2 3 4 |  4.4
Staves         | 1 2 3 4 |  4.4
Slings         | 1 2 3 4 |  4.4
Bows           | 1 2 3 4 |  4.4
Crossbows      | 1 2 3 4 |  4.4
Stealth        | 1 2 3 4 |  4.4
Shields        | 1 2 3 4 |  4.4
Unarmed Combat | 1 2 3 4 |  4.4
Invocations    | 1 2 3 4 |  4.9
Evocations     | 1 2 3 4 |  4.4
Conjurations   | 1 2 3 |  3.6
Hexes          | 1 2 3 |  3.6
Summonings     | 1 2 3 |  3.6
Necromancy     | 1 2 3 |  3.6
Transmutations | 1 2 3 |  3.6
Fire Magic     | 1 2 3 |  3.6
Ice Magic      | 1 2 3 |  3.6
Air Magic      | 1 2 3 |  3.6
Earth Magic    | 1 2 3 |  3.6
Poison Magic   | 1 2 3 |  3.6
Throwing       | 3 4 5 |  5.2
Armour         | 3 4 5 |  5.2
Fighting       | 5 6 |  6.4
Axes           | 5 6 |  6.4
Dodging        | 5 6 |  6.4
Translocations | 6 |  6.6

Action                   |  1- 3 |  4- 6 |  7- 9 || total
-------------------------+-------+-------+-------++-------
Melee: Hand axe          |    12 |       |       ||    12
       Short sword       |    60 |   163 |   375 ||   598
       Bite              |     5 |    14 |    28 ||    47
       Punch             |       |       |     5 ||     5
Throw: Dart              |       |     1 |       ||     1
Evoke: Wand              |       |    16 |       ||    16
  Use: Potion            |     2 |       |     6 ||     8
       Scroll            |       |     3 |    15 ||    18
 Stab: Invisible         |       |     1 |       ||     1
Armor: Leather armour    |     6 |       |       ||     6
       Plate armour      |    61 |   123 |   286 ||   470
Dodge: Dodged            |    42 |    45 |   128 ||   215

Table legend: (Time is in decaauts)
 A = Elapsed time spent in this place.
 B = Non-inter-level travel time spent in this place.
 C = Inter-level travel time spent in this place.
 D = Time resting spent in this place.
 E = Time spent auto-exploring this place.
 F = Levels seen in this place.
 G = Mean time per level.
                   A        B        C        D        E       F      G
               +--------+--------+--------+--------+--------+-----+--------+
         Total |   7789 |   7602 |    187 |   1558 |   3710 |   8 |  973.6 |
       Dungeon |   6981 |   6794 |    187 |   1558 |   3395 |   7 |  997.3 |
         Sewer |    808 |    808 |      0 |      0 |    314 |   1 |  808.0 |
               +--------+--------+--------+--------+--------+-----+--------+

Top non-repeatable levels by time:
     D:5: 1379 daAuts
     D:6: 1324 daAuts
     D:4: 1234 daAuts
     D:2: 1079 daAuts
     D:1: 814 daAuts
   Sewer: 808 daAuts
     D:3: 797 daAuts
     D:7: 353 daAuts
